 Dungeon Crawl Stone Soup version 0.29-a0-40-g8eb35efe60 (webtiles) character file.

Game seed: 13466185740473424540

2800 crazypyro the Basher (level 9, -7/82 HPs)
             Began as a Minotaur Fighter on Feb 1, 2022.
             Was a Priest of Jiyva.
             Killed from afar by a steam dragon (14 damage)
             ... with a ball of steam
             ... on level 8 of the Dungeon on Feb 2, 2022.
             The game lasted 00:06:56 (6819 turns).

crazypyro the Basher (Minotaur Fighter)             Turns: 6819, Time: 00:06:57

Health: -7/82      AC: 20    Str: 26    XL:     9   Next: 44%
Magic:  8/8        EV: 10    Int:  5    God:    Jiyva [***...]
Gold:   170        SH:  6    Dex: 16    Spells: 8/8 levels left

rFire   . . .      SeeInvis .   a - +0 flail
rCold   . . .      Faith    .   c - +0 buckler
rNeg    + . .      Spirit   .   v - +7 chain mail of the Morning {rN+ Str+3}
rPois   .          Reflect  .   (helmet restricted)
rElec   .          Harm     .   (no cloak)
rCorr   +          Rampage  .   (no gloves)
Will    .....                   i - +0 pair of boots
Stlth   ..........              (no amulet)
HPRegen 1.35/turn               (no ring)
MPRegen 0.46/turn               (no ring)

@: no status effects
A: horns 2, retaliatory headbutt, agile 2, gelatinous body 1, jelly sensing
items
a: Renounce Religion, Oozemancy


You were on level 8 of the Dungeon.
You worshipped Jiyva.
Jiyva was most pleased with you.
You visited 1 branch of the dungeon, and saw 8 of its levels.
You also visited: Sewer.

You collected 170 gold pieces.

Inventory:

Hand Weapons
 a - a +0 flail (weapon)
Armour
 c - a +0 buckler (worn)
 i - a +0 pair of boots (worn)
 m - a +0 plate armour
 v - the +7 chain mail of the Morning (worn) {rN+ Str+3}
   (You found it on level 6 of the Dungeon)

   Str:       It affects your strength (+3).
   rN:        It protects you from negative energy.
Jewellery
 h - a ring of wizardry
 q - a ring of resist corrosion
Wands
 u - a wand of acid (7)
Scrolls
 g - 2 scrolls of teleportation {unknown}
 j - a scroll of vulnerability {unknown}
 k - a scroll of enchant weapon {unknown}
 n - 4 scrolls of identify {unknown}
Potions
 b - a potion of cancellation {unknown}
 d - 3 potions of might
 e - 2 potions of ambrosia {unknown}
 f - a potion of curing {unknown}
 l - a potion of mutation {unknown}
 o - a potion of berserk rage {unknown}
 p - a potion of attraction {unknown}
 r - a potion of lignification {unknown}
 s - 2 potions of invisibility {unknown}
 t - a potion of heal wounds {unknown}


   Skills:
 - Level 8.3 Fighting
 * Level 8.7 Maces & Flails
 - Level 8.3 Armour
 + Level 2.1 Dodging
 - Level 8.3 Shields


You had 8 spell levels left.
You didn't know any spells.
Your spell library was empty.

Dungeon Overview and Level Annotations

Branches:
Dungeon (8/15)             Temple (0/1) D:5            Lair (0/6) D:8
  Sewer (visited)

Altars:
The Shining One

Shops:
D:1 (=   D:2 (


Innate Abilities, Weirdness & Mutations

You have a pair of horns on your head.
You reflexively headbutt those who attack you in melee.
You are very agile. (Dex +4)
Your rubbery body absorbs attacks. (AC +1, EV +1)
You have a small jelly attached to you that senses nearby items.


Message History

There is a stone staircase leading down here.
A two-headed ogre comes into view. It is wielding two +0 giant clubs.
Found an inky potion.
A steam dragon comes into view.
The steam dragon breathes steam at you. The ball of steam hits you.
The two-headed ogre hits you with a +0 giant club!!
The two-headed ogre hits you with a +0 giant club!
You are too injured to fight recklessly!
You sock the two-headed ogre!
The two-headed ogre is moderately wounded.
You are engulfed in a cloud of scalding steam.
The two-headed ogre is engulfed in a cloud of scalding steam.
The two-headed ogre hits you with a +0 giant club.
The two-headed ogre misses you.
You hit the two-headed ogre.
The two-headed ogre is moderately wounded.
The steam dragon breathes steam at you. The ball of steam hits you!
The two-headed ogre is engulfed in a cloud of scalding steam.
The two-headed ogre hits you with a +0 giant club.
You block the two-headed ogre's attack.
You sock the two-headed ogre!
The two-headed ogre is heavily wounded.
You are engulfed in a cloud of scalding steam.
You sock the two-headed ogre!
The two-headed ogre is severely wounded.
You are engulfed in a cloud of scalding steam.
The two-headed ogre hits you with a +0 giant club!
* * * LOW HITPOINT WARNING * * *
The two-headed ogre hits you with a +0 giant club!
* * * LOW HITPOINT WARNING * * *
The steam dragon bites you.
* * * LOW HITPOINT WARNING * * *
The steam dragon claws you but does no damage.
Okay, then.
Okay, then.
The steam dragon breathes steam at you. The ball of steam hits you!
You die...

######## #......#
#......#
##########......###
#..................
######..................
#......>................
######..........###.....
####@######### ###...
#..ยงยง....... ......
#..OD###.... .......
#..........# ####...
#........#.# #..#
#........# ##+
##..!....# #.......#
###+#####


You could see a two-headed ogre and a steam dragon (catching breath).

Vanquished Creatures
  A two-headed ogre (D:7)
  Pikel (D:6)
  Maggie (D:6)
  A steam dragon (D:7)
  Menkaure (D:6)
  A water moccasin (D:5)
  A hornet zombie (D:6)
  An orc warrior (D:7)
  A necrophage (D:6)
  An ogre (D:4)
  2 centaurs
  A kobold brigand (D:7)
  2 bullfrogs (D:7)
  A scorpion (D:7)
  A water moccasin zombie (D:5)
  A bullfrog zombie (D:7)
  A jelly (Sewer)
  A centaur zombie (D:8)
  A hound (D:4)
  3 orc priests
  A bullfrog skeleton (D:5)
  A centaur skeleton (D:7)
  4 iguanas
  Terence (D:3)
  3 orc wizards
  A howler monkey zombie (D:6)
  Robin (D:3)
  3 gnolls (D:5)
  A river rat (Sewer)
  An ufetubus (D:7)
  2 dart slugs
  11 orcs
  14 endoplasms
  9 giant cockroaches
  11 goblins
  5 hobgoblins
  12 kobolds
  6 quokkas
  15 ball pythons
  7 bats
  7 frilled lizards
  10 rats
150 creatures vanquished.

Vanquished Creatures (others)
  Edmund (D:6)
  A water moccasin (D:6)
  A sky beast (D:7)
  A necrophage (D:5)
  An ogre (D:7)
  2 scorpions (D:5)
  A wyvern zombie (D:7)
  14 jellies
  3 hounds (D:5)
  A centaur zombie (D:5)
  An orc priest (D:7)
  A centaur skeleton (D:5)
  A hound skeleton (D:5)
  An adder (D:5)
  2 ufetubi (D:5)
  A dart slug (D:5)
  An orc (D:5)
  A frilled lizard (Sewer)
35 creatures vanquished.

Grand Total: 185 creatures vanquished

Notes
Turn   | Place    | Note
-------+----------+-------------------------------------------
     0 | D:1      | crazypyro the Minotaur Fighter began the quest for the Orb.
     0 | D:1      | Reached XP level 1. HP: 19/19 MP: 0/0
   248 | D:1      | Found Ximydet's Jewellery Shop.
   281 | D:1      | Reached XP level 2. HP: 27/27 MP: 1/1
   644 | D:1      | Found Edduygg's Weapon Boutique.
   679 | D:1      | Found a faded altar of an unknown god.
   953 | D:1      | Reached XP level 3. HP: 32/33 MP: 2/2
  1312 | D:2      | Found Dubut's Antique Weapon Shoppe.
  1866 | D:2      | Found a glowing golden altar of the Shining One.
  2336 | D:3      | Noticed Robin
  2358 | D:3      | Killed Robin
  2360 | D:3      | Reached XP level 4. HP: 30/41 MP: 3/3
  2601 | D:3      | Noticed Terence
  2620 | D:3      | Killed Terence
  3097 | D:4      | Noticed an ogre
  3101 | D:4      | HP: 2/41 [ogre (10)]
  3103 | D:4      | Killed an ogre
  3104 | D:4      | Reached XP level 5. HP: 3/47 MP: 4/4
  3521 | D:4      | Identified the +5 quarterstaff of Kismet {vorpal, *Corrode
                  | rN+ Str+5}
  3615 | D:4      | Reached skill level 5 in Fighting
  3615 | D:4      | Reached skill level 5 in Armour
  3975 | D:4      | Reached skill level 5 in Shields
  4097 | D:4      | Reached XP level 6. HP: 54/56 MP: 5/5
  4473 | D:5      | Entered Level 5 of the Dungeon
  4475 | D:5      | Found a glowing drain.
  4497 | Sewer    | Entered a sewer
  4668 | Sewer    | Found a viscous altar of Jiyva.
  4689 | Sewer    | Became a worshipper of Jiyva Jujuunie the Shapeless
  4789 | D:5      | Noticed a water moccasin
  4795 | D:5      | Killed a water moccasin
  4832 | D:5      | Reached XP level 7. HP: 33/62 MP: 6/6
  5078 | D:5      | Reached skill level 5 in Maces & Flails
  5144 | D:5      | Reached * piety under Jiyva
  5233 | D:5      | Found a staircase to the Ecumenical Temple.
  5488 | D:6      | Noticed Menkaure
  5499 | D:6      | Killed Menkaure
  5501 | D:6      | Identified the +7 chain mail of the Morning {rN+ Str+3}
  5626 | D:6      | Reached ** piety under Jiyva
  5814 | D:6      | Noticed Pikel
  5824 | D:6      | Killed Pikel
  5825 | D:6      | Reached XP level 8. HP: 60/73 MP: 7/7
  5889 | D:6      | Noticed Maggie
  5898 | D:6      | Killed Maggie
  5918 | D:6      | Killed Edmund
  6251 | D:7      | Reached *** piety under Jiyva
  6251 | D:7      | Gained mutation: You have a small jelly attached to you
                  | that senses nearby items. [Jiyva's grace]
  6251 | D:7      | Gained mutation: You are agile. (Dex +2) [Jiyva's grace]
  6251 | D:7      | Gained mutation: You are very agile. (Dex +4) [Jiyva's
                  | grace]
  6251 | D:7      | Gained mutation: Your rubbery body absorbs attacks. (AC +1,
                  | EV +1) [Jiyva's grace]
  6320 | D:7      | Noticed a two-headed ogre
  6333 | D:7      | Killed a two-headed ogre
  6334 | D:7      | Reached XP level 9. HP: 40/82 MP: 8/8
  6424 | D:7      | Reached skill level 1 in Dodging
  6762 | D:8      | Found a staircase to the Lair.
  6810 | D:8      | Noticed a two-headed ogre
  6817 | D:8      | HP: 4/82 [steam dragon (1)]
  6819 | D:8      | Killed from afar by a steam dragon

Illustrated notes

Levels and vault maps discovered:
D:1:      erik_arrival_orb_chamber, layout_loops_ring,
          nicolae_ecumenical_snake_handling, serial_shops,
          nicolae_lakefront_shop, nicolae_shop_stone
D:2:      layout_basic, basic_altar, serial_shops, shop
D:3:      layout_loops_ring, uniq_robin, uniq_terence
D:4:      layout_loops_corners
D:5:      minmay_bubble_buster, layout_cave_pools, minmay_temple_entry_trees,
          portal_sewer_entry_f, serial_park, serial_park_tiny_2,
          serial_park_tiny_2, serial_park_square1 [serial_park_minivault_5x5_1],
          serial_park_tiny_2
D:6:      layout_layer_cave, uniq_pikel, uniq_maggie, uniq_menkaure, uniq_edmund
D:7:      layout_cave_pools, minmay_holes, nicolae_figureground_sparkle
D:8:      nicolae_cairo_tiling_very_big, layout_basic,
          nicolae_dithmenos_shadow_blocks, serial_bayou_lake_a

Skill      XL: |  1  2  3  4  5  6  7  8  9 |
---------------+----------------------------+-----
Fighting       | 4 5 7 8 |  8.3
Armour         | 4 5 7 8 |  8.3
Shields        | 4 5 7 8 |  8.3
Maces & Flails | 3 4 6 7 8 |  8.7
Dodging        | 2 |  2.1

Action                   |  1- 3 |  4- 6 |  7- 9 || total
-------------------------+-------+-------+-------++-------
Melee: Flail             |   110 |   143 |   155 ||   408
       Headbutt          |    13 |    24 |    37 ||    74
Armor: Scale mail        |    31 |       |       ||    31
       Plate armour      |    27 |    79 |    25 ||   131
       Chain mail        |       |       |    93 ||    93
Dodge: Dodged            |    47 |    54 |    70 ||   171
Block: Buckler           |    23 |    32 |    41 ||    96

Table legend: (Time is in decaauts)
 A = Elapsed time spent in this place.
 B = Non-inter-level travel time spent in this place.
 C = Inter-level travel time spent in this place.
 D = Time resting spent in this place.
 E = Time spent auto-exploring this place.
 F = Levels seen in this place.
 G = Mean time per level.
                   A        B        C        D        E       F      G
               +--------+--------+--------+--------+--------+-----+--------+
         Total |   6929 |   6677 |    252 |      0 |   5711 |   9 |  769.9 |
       Dungeon |   6625 |   6373 |    252 |      0 |   5524 |   8 |  828.1 |
         Sewer |    304 |    304 |      0 |      0 |    187 |   1 |  304.0 |
               +--------+--------+--------+--------+--------+-----+--------+

Top non-repeatable levels by time:
     D:4: 1442 daAuts
     D:1: 1182 daAuts
     D:2: 1065 daAuts
     D:3: 833 daAuts
     D:5: 760 daAuts
     D:6: 695 daAuts
     D:7: 589 daAuts
   Sewer: 304 daAuts
     D:8: 56 daAuts
